 Dungeon Crawl Stone Soup version 0.19-a0-934-gf1df8d1 (webtiles) character file.

333 Jaxo the Grave Robber (level 6, -2/43 HPs)
             Began as a Vampire Necromancer on July 7, 2016.
             Shot with an arrow by a centaur (9 damage)
             ... on level 4 of the Dungeon.
             The game lasted 00:18:59 (2555 turns).

Jaxo the Grave Robber (Vampire Necromancer)         Turns: 2555, Time: 00:18:59

Health: -2/43      AC:  5    Str:  7    XL:     6   Next: 27%
Magic:  10/10      EV: 14    Int: 18    God:
Gold:   120        SH:  0    Dex: 16    Spells: 3 memorised, 5 levels left

rFire  . . .     SeeInvis +     k - +3 dagger (venom)
rCold  . . .     Gourm    .     a - +1 robe
rNeg   + . .     Faith    .     (no shield)
rPois  .         Spirit   .     (no helmet)
rElec  .         Dismiss  .     e - +1 cloak
rCorr  .         Reflect  .     (no gloves)
SustAt .         Harm     .     (no boots)
MR     .....                    (no amulet)
Stlth  +++.......               (no ring)
                                (no ring)

@: not resistant to hostile enchantments, fairly stealthy
A: fangs 3, see invisible, unbreathing
a: Bat Form


You were on level 4 of the Dungeon.
You were not thirsty.

You visited 1 branch of the dungeon, and saw 5 of its levels.

You collected 120 gold pieces.

Inventory:

Hand Weapons
 d - a +0 dagger
 k - a +3 dagger of venom (weapon)
 n - a +0 rapier
 o - a +0 club of chaos
Armour
 a - a +1 robe (worn)
 e - a +1 cloak (worn)
Potions
 c - a potion of blood
Books
 b - a book of Necromancy

   Spells                             Type                      Level
   a - Pain                           Necromancy                   1
   b - Animate Skeleton               Necromancy                   1
   c - Vampiric Draining              Necromancy                   3
   d - Regeneration                   Charms/Necromancy            3
   e - Animate Dead                   Necromancy                   4
   f - Control Undead                 Necromancy                   4
Comestibles
 g - a meat ration
 j - a beef jerky


   Skills:
 + Level 1.1 Fighting
 + Level 1.3 Short Blades
 + Level 0.1 Maces & Flails
 + Level 4.0 Dodging
 + Level 4.1 Stealth
 + Level 3.1 Spellcasting
 + Level 6.0 Necromancy


You had 5 spell levels left.
You knew the following spells:

 Your Spells              Type           Power        Failure   Level  Hunger
a - Pain                  Necr           ###.         1%          1    None
b - Animate Skeleton      Necr           N/A          1%          1    None
c - Animate Dead          Necr           N/A          17%         4    ####...


Dungeon Overview and Level Annotations

Branches:
Dungeon (5/15)
 Temple: D:4-7

Altars:
Fedhas
The Shining One

Annotations:
D:3 Jaxo's ghost, amateur MiAK
D:4 Menkaure


Innate Abilities, Weirdness & Mutations

You have razor-sharp teeth.
You have supernaturally acute eyesight. (SInv)
You can survive without breathing.


Message History

Your bite misses the howler monkey.
The howler monkey is heavily wounded.
The howler monkey closely misses you.
You kill the howler monkey!
Your Dodging skill increases to level 4!
Menkaure shouts, "Why can't you leave me to my rest?"
Menkaure mumbles some strange words.
Menkaure seems to speed up.
A centaur comes into view.
You are too injured to fight recklessly!
There is a stone staircase leading down here.
Menkaure calls on the powers of darkness!
The centaur convulses!
Your body is wracked with pain!
* * * LOW HITPOINT WARNING * * *
You climb downwards.
There is a stone staircase leading up here.
Menkaure closely misses you.
You climb upwards.
The centaur wields a shortbow.
The centaur shoots an arrow.
The arrow hits you!
You die...

#.#.#....# #.#.#....#
#.#.##...##
#.#.##....## #.#
#.#.###....## #### ####
#.# #.#.# ##....# #..
..# #.##### #.#.#
##...## #.# #.###.....
##...###M#####.........
##.....@...##..##..#
####.#.##.##...#..#####
#.#.##.#..##........
#.#.c.....##.h..###.
#.####.#.###.#.## #.#
#.##...##.# #.# #.#
.....%. ... ...
......## ###
####.####.#


You could see Menkaure and a centaur.

Vanquished Creatures
  A scorpion (D:4)
  A howler monkey (D:4)
  A giant frog skeleton (D:4)
  Jessica (D:2)
  A worker ant (D:4)
  8 gnolls
  An ooze (D:3)
  3 worms (D:2)
  A dart slug (D:3)
  A giant gecko (D:3)
  5 orcs (D:3)
  6 bats
  4 giant cockroaches
  4 goblins
  4 hobgoblins
  8 jackals
  6 kobolds
  A quokka (D:2)
  A ball python (D:3)
  2 giant newts
  7 rats
67 creatures vanquished.

Vanquished Creatures (collateral kills)
  2 orcs (D:3)
  A giant newt (D:2)
3 creatures vanquished.

Grand Total: 70 creatures vanquished

Notes
Turn   | Place    | Note
-------+----------+-------------------------------------------
     0 | D:1      | Jaxo the Vampire Necromancer began the quest for the Orb.
     0 | D:1      | Reached XP level 1. HP: 13/13 MP: 3/3
   131 | D:1      | Reached XP level 2. HP: 1/19 MP: 0/5
   459 | D:2      | Noticed Jessica
   462 | D:2      | Learned a level 1 spell: Animate Skeleton
   469 | D:2      | Killed Jessica
   469 | D:2      | Reached skill level 5 in Necromancy
   469 | D:2      | Reached XP level 3. HP: 16/24 MP: 1/6
   782 | D:2      | Reached XP level 4. HP: 26/30 MP: 0/8
  1076 | D:2      | Found a glowing golden altar of the Shining One.
  1076 | D:2      | Found a blossoming altar of Fedhas.
  1792 | D:3      | Reached XP level 5. HP: 28/35 MP: 9/9
  1852 | D:3      | HP: 1/36 [gnoll (6)]
  1870 | D:3      | Learned a level 4 spell: Animate Dead
  2076 | D:3      | Noticed Jaxo's ghost (amateur MiAK)
  2482 | D:4      | Reached skill level 1 in Short Blades
  2498 | D:4      | Reached skill level 6 in Necromancy
  2514 | D:4      | Reached skill level 1 in Fighting
  2514 | D:4      | Reached XP level 6. HP: 12/43 MP: 10/10
  2530 | D:4      | HP: 2/43 [poisoned by a scorpion]
  2544 | D:4      | Noticed Menkaure
  2553 | D:5      | Entered Level 5 of the Dungeon
  2555 | D:4      | Shot with an arrow by a centaur

Vault maps used:
D:1:      wheals_arrival_shading
D:2:      gammafunk_temple_overflow_elements, tgw_xom, uniq_jessica
D:3:      lemuel_crystal_altar, nicolae_dithmenos_through_a_glass_darkly,
          lemuel_coloured_pillars_altar, serial_bayou_pond_c,
          lemuel_old_faithful
D:4:      nicolae_qazlal_style_of_elements, nrook_mini_backslash,
          grunt_ministairs_6, kennysheep_generic_room_4, uniq_menkaure,
          uniq_pikel
D:5:      kennysheep_windowed_halls, first_bread, serial_shops,
          kennysheep_little_box, shop_fountains, serial_park_tiny_pond,
          uniq_blork_the_orc, uniq_edmund, uniq_prince_ribbit1

Skill      XL: |  1  2  3  4  5  6 |
---------------+-------------------+-----
Necromancy     | 5 6 |  6.0
Spellcasting   | 3 |  3.1
Dodging        | 3 4 |  4.0
Short Blades   | 1 |  1.3
Fighting       | 1 |  1.1
Stealth        | 4 |  4.1
Maces & Flails | |  0.1

Action                   |  1- 3 |  4- 6 || total
-------------------------+-------+-------++-------
Melee: Dagger            |    21 |   137 ||   158
       Bite              |     1 |    15 ||    16
       Club              |       |    12 ||    12
 Cast: Pain              |    36 |     3 ||    39
       Animate Skeleton  |       |     5 ||     5
       Animate Dead      |       |     1 ||     1
  Use: Scroll            |       |     8 ||     8
       Potion            |       |     3 ||     3
 Stab: Sleeping          |       |     2 ||     2
       Distracted        |       |     1 ||     1
  Eat: Corpse            |     5 |     1 ||     6
Armor: Robe              |     4 |    38 ||    42
Dodge: Dodged            |    34 |    96 ||   130
